 Dungeon Crawl Stone Soup version 0.30-b1-2-g02819fbbbe (webtiles) character file.

Game seed: 16091423550872195166

51 Alarkh the Vexing (level 3, -2/26 HPs)
             Began as a Demonspawn Hexslinger on July 9, 2023.
             Slain by an iguana (13 damage)
             ... on level 2 of the Dungeon.
             The game lasted 00:02:18 (1275 turns).

Alarkh the Vexing (Demonspawn Hexslinger)           Turns: 1275, Time: 00:02:19

Health: -2/26      AC:  3    Str:  8 (10) XL:     3   Next: 58%
Magic:  4/4        EV: 12    Int: 13 (16) God:
Gold:   75         SH:  0    Dex: 11 (13) Spells: 3/4 levels left

rFire   . . .        b - +2 sling
rCold   . . .        (no shield)
rNeg    . . .        c - +0 robe
rPois   .            (no helmet)
rElec   .            (no cloak)
rCorr   .            (no gloves)
SInv    .            n - +0 pair of boots
Will    .....        (no amulet)
Stlth   +            (no ring)
HPRegen 0.24/turn    (no ring)
MPRegen 0.09/turn

%: no passive effects
@: no status effects
A: weakness stinger 2
a: no special abilities


You were on level 2 of the Dungeon.
You visited 1 branch of the dungeon, and saw 2 of its levels.

You collected 75 gold pieces.

Inventory:

Hand Weapons
 b - a +2 sling (weapon)
Armour
 c - a +0 robe (worn)
 n - a +0 pair of boots (worn)
Magical Staves
 a - a staff of conjuration
 g - a staff of death
Scrolls
 d - a scroll of summoning
 f - a scroll of poison
 j - a scroll of teleportation {unknown}
 k - a scroll of acquirement {unknown}
 l - a scroll of vulnerability {unknown}
 m - a scroll of silence {unknown}
Potions
 e - a potion of magic


   Skills:
 + Level 1.6 Fighting
 * Level 1.0 Staves
 * Level 2.6 Ranged Weapons
 - Level 1.7 Dodging
 - Level 1.0 Spellcasting
 * Level 0.9 Conjurations
 - Level 3.0 Hexes
 * Level 1.0 Evocations


You had 3 spell levels left.
You knew the following spells:

 Your Spells              Type           Power      Damage    Failure   Level
a - Slow                  Hex            32%        N/A       9%          1

Your spell library contained the following spells:

 Spells                   Type           Power      Damage    Failure   Level
 Inner Flame              Hex/Fire       4%         N/A       41%         3
 Portal Projectile        Hex/Tloc       8%         N/A       41%         3
 Stone Arrow              Conj/Erth      2%         3d7       56%         3
 Cause Fear               Hex            4%         N/A       63%         4
 Animate Armour           Summ/Erth      0%         N/A       95%         4
 Lehudib's Crystal Spear  Conj/Erth      0%         10d2      100%        8


Dungeon Overview and Level Annotations

Branches:
Dungeon (2/15)

Altars:

Shops:
D:1 ?


Innate Abilities, Weirdness & Mutations

You have a tail ending in a sharp stinger.


Message History

You shoot a sling bullet.
The sling bullet hits the giant cockroach.
You kill the giant cockroach!
Your Staves skill increases to level 1!
No target in view!
Found a club.
You see here a +0 club.
Found a sling.
A worm comes into view.
You shoot a sling bullet. The sling bullet hits the worm.
The worm is moderately wounded.
An iguana comes into view.
You shoot a sling bullet. The iguana hisses angrily.
The sling bullet hits the iguana.
The iguana is moderately wounded.
You shoot a sling bullet. The sling bullet hits the iguana.
The iguana is heavily wounded.
The iguana hisses menacingly.
The iguana closely misses you. The iguana attacks as you move away!
The iguana barely misses you.
You shoot a sling bullet.
The sling bullet hits the iguana but does no damage.
The iguana is heavily wounded.
The iguana bites you but does no damage.
You shoot a sling bullet. The sling bullet hits the iguana.
The iguana is severely wounded.
The iguana bites you but does no damage.
You shoot a sling bullet. The sling bullet hits the iguana.
The iguana is severely wounded.
The iguana bites you. The iguana bites you!
You are too injured to fight recklessly!
You are too injured to fight recklessly!
You are too injured to fight recklessly!
You shoot a sling bullet.
The sling bullet hits the iguana but does no damage.
The iguana is severely wounded.
The iguana bites you!
Ouch! That really hurt!
You die...

.....#. ...... ..
.... .....
##..?.).. ...# #..
..... . ..# #
#........ ... #.#
#.##.#......
.....#.#
#....w....#
........ #l#
######## #@#
#.##### #.....#
#####.############
#......)......
##############


You could see a worm and an iguana.

Vanquished Creatures
  An adder (D:2)
  A dart slug (D:1)
  5 endoplasms (D:1)
  4 giant cockroaches (D:2)
  A goblin (D:2)
  2 hobgoblins (D:1)
  6 jackals
  3 quokkas
  2 ball pythons (D:1)
  3 bats
  5 frilled lizards
  A kobold (D:1)
  4 rats
38 creatures vanquished.

Notes
Turn   | Place    | Note
-------+----------+-------------------------------------------
     0 | D:1      | Alarkh the Demonspawn Hexslinger began the quest for the
                  | Orb.
     0 | D:1      | Reached XP level 1. HP: 15/15 MP: 2/2
   272 | D:1      | Gained mutation: You have a small tail. [demonic ancestry]
   272 | D:1      | Reached XP level 2. HP: 21/21 MP: 3/3
   376 | D:1      | Found Seunur's Magic Scroll Emporium.
   490 | D:1      | You fall into a shaft and drop 1 floor!
   769 | D:2      | Gained mutation: You have a tail ending in a sharp stinger.
                  | [demonic ancestry]
   769 | D:2      | Reached XP level 3. HP: 26/26 MP: 4/4
   850 | D:2      | HP: 1/26 [poisoned by an adder]
   855 | D:2      | Reached skill level 1 in Evocations
  1238 | D:2      | Reached skill level 1 in Staves
  1275 | D:2      | Slain by an iguana

Illustrated notes

Levels and vault maps discovered:
D:1:      evilmike_arrival_grusome_pit, layout_basic, serial_shops, shop
D:2:      layout_loops_cross

Skill      XL: |  1  2  3 |
---------------+----------+-----
Ranged Weapons | 2 |  2.6
Evocations     | 1 |  1.0
Staves         | 1 |  1.0
Fighting       | |  1.6
Dodging        | |  1.7
Spellcasting   | |  1.0
Conjurations   | |  0.9
Hexes          | |  3.0

Action                     || total
---------------------------++-------
  Melee: Staff             ||    22
   Fire: Sling             ||   137
    Use: Potion            ||     5
         Scroll            ||     3
 Armour: Robe              ||    23
  Dodge: Dodged            ||    92
